 Dungeon Sprint DCSS version 0.29-a0-575-g0dc89cf053 (webtiles) character file.

Game seed: 1130089371166992423

730 mhtbhm the Gouger (level 7, -9/37 HPs)
             Began as a Felid Transmuter on June 13, 2022.
             Was an Initiate of Gozag.
             Mangled by an elephant (13 damage)
             ... in the Dungeon (Sprint IX: "|||||||||||||||||||||||||||||").
             The game lasted 00:01:50 (314 turns).

mhtbhm the Gouger (Felid Transmuter)                 Turns: 314, Time: 00:01:50

Health: -9/37      AC:  8    Str:  8    XL:     7   Next: 44%
Magic:  14/19      EV: 15    Int: 20    God:    Gozag
Gold:   7          SH:  0    Dex: 17    Spells: 11/21 levels left
                                        Lives:  0   Deaths: 2

rFire   x . .      SeeInvis +     - Unarmed
rCold   + + +      Faith    .   (shield unavailable)
rNeg    . . .      Spirit   .   (body armour unavailable)
rPois   +          Reflect  .   (helmet unavailable)
rElec   .          Harm     .   (cloak unavailable)
rCorr   .          Rampage  .   (gloves unavailable)
Will    +....      NoTele   +   (boots unavailable)
Stlth   ++........              (no amulet)
HPRegen 0.12/turn               k - +3 ring of intelligence
MPRegen 0.16/turn               j - +3 ring of intelligence

@: ice-form, wereblooded, gold aura
A: freezing attack, amphibious, boosted hp, large, (claws 1), (fangs 3), see
invisible, (speed 1), (shaggy fur 2), (stealthy paws), no weapons or thrown
items, no armour, multi-lived
a: End Transformation, Renounce Religion, Potion Petition, Call Merchant, Bribe
Branch


You were in the Dungeon.
You worshipped Gozag.
Gozag was noncommittal.
You were a creature of crystalline ice.
You visited 1 branch You collected 7 gold pieces.

Inventory:

Jewellery
 j - a +3 ring of intelligence (right front paw)
 k - a +3 ring of intelligence (left front paw)
Wands
 i - a wand of iceblast (9)
Scrolls
 g - 2 scrolls of blinking
 h - 2 scrolls of amnesia
Potions
 a - a potion of lignification
 b - 5 potions of curing
 e - 4 potions of magic
 f - a potion of invisibility


   Skills:
 + Level 3.3 Fighting
 + Level 10.1 Dodging
 + Level 2.0 Stealth
 + Level 13.1 Unarmed Combat
 + Level 7.7 Spellcasting
 + Level 7.7 Transmutations
 + Level 2.0 Ice Magic
 + Level 0.2 Evocations


You had 11 spell levels left.
You knew the following spells:

 Your Spells              Type           Power      Damage    Failure   Level
a - Beastly Appendage     Tmut           76%        N/A       1%          1
b - Wereblood             Tmut           38%        N/A       1%          2
c - Spider Form           Tmut/Pois      23%        N/A       5%          3
d - Ice Form              Ice/Tmut       27%        N/A       12%         4

Your spell library contained the following spells:

 Spells                   Type           Power      Damage    Failure   Level


Dungeon Overview and Level Annotations

Branches:
Dungeon (1/1)

Altars:
Cheibriados
Dithmenos
Elyvilon
Fedhas
Gozag
Hepliaklqana
Kikubaaqudgha
Makhleb
Nemelex Xobeh
Okawaru
Qazlal
Ru
Sif Muna
Trog
Uskayaw
Vehumet
Wu Jian
Xom
Yredelemnul
Zin
The Shining One
Beogh
Jiyva
Lugonu


Innate Abilities, Weirdness & Mutations

You are a creature of crystalline ice.
You have a powerful freezing melee attack.
You are amphibious.
Your maximum health is increased.
((You have sharp claws.))
((You have razor-sharp teeth.))
You have supernaturally acute eyesight. (SInv)
((You cover ground quickly. (Speed+)))
((You are covered in thick fur. (AC +2)))
((Your paws help you pounce on unaware monsters.))
You are incapable of wielding weapons or throwing items.
You cannot wear armour.
You gain extra lives every three experience levels.


Message History

The elephant tramples you!
You stumble backwards!
You hit the elephant but do no damage.
The elephant is moderately wounded.
You hit the elephant. You freeze the elephant.
The elephant is heavily wounded.
The elephant tramples you but does no damage.
The elephant trunk-slaps you but does no damage.
You hit the elephant but do no damage.
The elephant is heavily wounded.
The elephant barely misses you.
The elephant trunk-slaps you but does no damage.
You hit the elephant but do no damage.
The elephant is heavily wounded.
The elephant barely misses you.
The elephant trunk-slaps you but does no damage.
You punch the elephant! You freeze the elephant.
The elephant is severely wounded.
The elephant closely misses you. The elephant completely misses you.
You pummel the elephant!! You freeze the elephant!
You feel a bit better.
You kill the elephant!
Your Fighting skill increases to level 3!
Your Dodging skill increases to level 10!
Your Stealth skill increases to level 2!
Your Unarmed Combat skill increases to level 13!
Your Ice Magic skill increases to level 2!
Welcome back to level 7!
Unknown command.
The elephant tramples you.
You stumble backwards!
There is an open door here.
You hit the elephant. You freeze the elephant.
The elephant is lightly wounded.
The elephant tramples you!
* * * LOW HITPOINT WARNING * * *
You stumble backwards!
You hit the elephant. You freeze the elephant.
The elephant is lightly wounded.
The elephant is distracted by your dazzling golden aura.
The elephant tramples you!
You die...
Your body crumbles into a pile of gold. $$$$$ $ $ $ $$$$$

$ ▓ ▓.▓▓▓▓▓▓▓▓▓▓▓▓▓▓▓▓▓▓▓▓▓▓
▓....'..[[[[.YY$YY!Y...Y
▓▓▓▓▓▓▓▓▓▓▓▓▓▓▓▓▓▓▓▓▓▓▓▓▓
▓........................
▓.▓▓▓▓▓▓▓▓▓▓▓▓▓▓▓▓▓▓▓▓▓▓▓▓▓▓▓▓
▓.$QDy4K.c ...K.oO$.[[[.)..'__
▓▓▓▓▓▓▓▓▓▓ ▓▓▓▓▓▓▓▓▓▓▓▓▓▓▓▓▓▓▓


You could see 4 elephants.

Vanquished Creatures
  A deep elf pyromancer (D)
  An elephant (D)
  A wraith (D)
  A yak (D)
  A vampire mosquito (D)
  An ogre (D)
  A hound (D)
  An iguana (D)
  2 shadow imps (D)
  A giant cockroach (D)
  A hobgoblin (D)
  2 frilled lizards (D)
  A kobold (D)
15 creatures vanquished.

Notes
Turn   | Place    | Note
-------+----------+-------------------------------------------
     0 | D        | mhtbhm the Felid Transmuter began the quest for the Orb.
     0 | D        | Reached XP level 1. HP: 9/9 MP: 4/4
    73 | D        | Noticed a hound
    73 | D        | Noticed an iguana
    73 | D        | Noticed an ogre
    77 | D        | Killed an ogre
    78 | D        | Reached skill level 5 in Dodging
    78 | D        | Reached skill level 6 in Unarmed Combat
    78 | D        | Reached XP level 2. HP: 12/12 MP: 5/8
    78 | D        | Reached XP level 3. HP: 15/15 MP: 5/9
    78 | D        | Reached XP level 4. HP: 19/19 MP: 6/11
    81 | D        | Reached skill level 7 in Unarmed Combat
    86 | D        | Reached XP level 5. HP: 21/22 MP: 6/12
   105 | D        | Found a snail-covered altar of Cheibriados.
   105 | D        | Found a shadowy altar of Dithmenos.
   105 | D        | Found a white marble altar of Elyvilon.
   105 | D        | Found a blossoming altar of Fedhas.
   105 | D        | Found an opulent altar of Gozag.
   106 | D        | Found a hazy altar of Hepliaklqana.
   107 | D        | Found a viscous altar of Jiyva.
   108 | D        | Found an ancient bone altar of Kikubaaqudgha.
   109 | D        | Found a corrupted altar of Lugonu.
   110 | D        | Found a burning altar of Makhleb.
   111 | D        | Found a sparkling altar of Nemelex Xobeh.
   112 | D        | Found an iron altar of Okawaru.
   113 | D        | Found a stormy altar of Qazlal.
   114 | D        | Found a sacrificial altar of Ru.
   115 | D        | Found a shimmering blue altar of Sif Muna.
   116 | D        | Found a bloodstained altar of Trog.
   121 | D        | Became a worshipper of Gozag Ym Sagoz the Greedy
   126 | D        | Found a hide-covered altar of Uskayaw.
   127 | D        | Found a radiant altar of Vehumet.
   128 | D        | Found an ornate altar of the Wu Jian Council.
   129 | D        | Found a shimmering altar of Xom.
   130 | D        | Found a basalt altar of Yredelemnul.
   131 | D        | Found a glowing silver altar of Zin.
   132 | D        | Found a glowing golden altar of the Shining One.
   214 | D        | Learned a level 2 spell: Wereblood
   218 | D        | Learned a level 3 spell: Spider Form
   223 | D        | Learned a level 4 spell: Ice Form
   225 | D        | Noticed a two-headed ogre
   225 | D        | Noticed an orc warrior
   225 | D        | Noticed a vampire mosquito
   225 | D        | Noticed a yak
   225 | D        | Noticed a wraith
   232 | D        | Killed a wraith
   233 | D        | Reached skill level 9 in Unarmed Combat
   233 | D        | Reached skill level 5 in Spellcasting
   233 | D        | Reached skill level 5 in Transmutations
   233 | D        | Gained mutation: You are covered in thick fur. (AC +2)
                  | [Felid growth]
   233 | D        | Reached XP level 6. HP: 26/26 MP: 7/15
   234 | D        | Killed a yak
   235 | D        | Reached skill level 1 in Stealth
   235 | D        | Reached skill level 10 in Unarmed Combat
   235 | D        | Reached skill level 1 in Ice Magic
   237 | D        | Killed a vampire mosquito
   238 | D        | Reached skill level 11 in Unarmed Combat
   238 | D        | Reached XP level 7. HP: 27/30 MP: 7/17
   241 | D        | Mangled by a two-headed ogre
   242 | D        | Reached XP level 6. HP: -7/31 MP: 8/16
   263 | D        | Noticed a deep elf pyromancer
   263 | D        | Noticed a tengu warrior
   263 | D        | Noticed a vampire mosquito
   263 | D        | Noticed a kobold demonologist
   263 | D        | Noticed a six-headed hydra
   265 | D        | Noticed a fire elemental
   268 | D        | Killed a deep elf pyromancer
   269 | D        | Reached skill level 12 in Unarmed Combat
   269 | D        | Reached XP level 7. HP: 19/30 MP: 11/18
   269 | D        | Noticed an orange demon
   281 | D        | HP: 1/36 [tengu warrior/+0 war axe (9)]
   284 | D        | Slain by a tengu warrior
   285 | D        | Reached XP level 6. HP: 0/32 MP: 12/17
   297 | D        | Noticed an elephant
   297 | D        | Noticed an elephant
   298 | D        | Noticed an elephant
   299 | D        | Noticed an elephant
   300 | D        | Noticed an elephant
   311 | D        | Killed an elephant
   312 | D        | Reached skill level 10 in Dodging
   312 | D        | Reached skill level 13 in Unarmed Combat
   312 | D        | Reached XP level 7. HP: 24/31 MP: 14/19
   314 | D        | Mangled by an elephant

Illustrated notes

Levels and vault maps discovered:
D:        linesprint [early_d, line_temple, items_1, d_10, items_2, lair_1,
          lair_end, items_3, orc_1, orc_end, items_4, d_15, swamp_1, shoals_1,
          snake_1, spider_1, d_20, vaults_1, items_5, swamp_end, shoals_end,
          snake_end, spider_end, vaults_end, d_27, items_6, zot_1, zot_end,
          crypt_end, forest_end, elf_end, slime_end, tomb_end, abyss_end,
          pan_hell_end]

Skill      XL: |  1  2  3  4  5  6 |
---------------+-------------------+-----
Dodging        | 5 6 7 10 | 10.1
Unarmed Combat | 6 7 9 13 | 13.1
Spellcasting   | 4 5 7 |  7.7
Transmutations | 3 4 5 7 |  7.7
Fighting       | 2 3 |  3.3
Stealth        | 2 |  2.0
Ice Magic      | 2 |  2.0
Evocations     | |  0.2

Action                   |  1- 3 |  4- 6 |  7- 9 || total
-------------------------+-------+-------+-------++-------
Melee: Unarmed           |    20 |    32 |    18 ||    70
       Headbutt          |     3 |     2 |       ||     5
       Punch             |     1 |       |       ||     1
 Cast: Beastly Appendage |     2 |       |       ||     2
       Ice Form          |       |     3 |       ||     3
       Wereblood         |       |     3 |       ||     3
Evoke: Wand              |       |       |     1 ||     1
  Use: Potion            |     1 |     1 |     3 ||     5
Armor: Skin              |       |     7 |    11 ||    18
Dodge: Dodged            |    15 |    18 |     8 ||    41

Table legend: (Time is in decaauts)
 A = Elapsed time spent in this place.
 B = Non-inter-level travel time spent in this place.
 C = Inter-level travel time spent in this place.
 D = Time resting spent in this place.
 E = Time spent auto-exploring this place.
 F = Levels seen in this place.
 G = Mean time per level.
                   A        B        C        D        E       F      G
               +--------+--------+--------+--------+--------+-----+--------+
         Total |    291 |    291 |      0 |     97 |      2 |   1 |  291.0 |
       Dungeon |    291 |    291 |      0 |     97 |      2 |   1 |  291.0 |
               +--------+--------+--------+--------+--------+-----+--------+

Top non-repeatable levels by time:
       D: 291 daAuts
